 Dungeon Crawl Stone Soup version 0.19-b1-5-gdc9fa9d (webtiles) character file.

37 varam the Cudgeler (level 3, 23/23 HPs)
             Began as a Gargoyle Fighter on Oct 31, 2016.
             Quit the game on level 1 of the Dungeon.
             The game lasted 00:02:09 (430 turns).

varam the Cudgeler (Gargoyle Fighter)                Turns: 430, Time: 00:02:09

Health: 23/23      AC: 10    Str: 19    XL:     3   Next: 41%
Magic:  3/3        EV:  7    Int: 11    God:
Gold:   61         SH:  9    Dex: 10    Spells: 0 memorised, 2 levels left

rFire  . . .     SeeInvis .     a - +0 flail
rCold  . . .     Gourm    .     b - +0 scale mail
rNeg   + . .     Faith    .     c - +0 shield
rPois  ∞         Spirit   .     (no helmet)
rElec  +         Reflect  .     (no cloak)
rCorr  .         Harm     .     (no gloves)
MR     .....                    (no boots)
Stlth  ..........               (no amulet)
                                (no ring)
                                i - +3 ring of intelligence

@: no status effects
A: negative energy resistance 1, electricity resistance, unbreathing,
petrification resistance, rot immunity, AC +3
a: no special abilities


You were on level 1 of the Dungeon.
You were not hungry.

You visited 1 branch of the dungeon, and saw 1 of its levels.

You collected 61 gold pieces.

Inventory:

Hand Weapons
 a - a +0 flail (weapon)
Armour
 b - a +0 scale mail (worn)
 c - a +0 shield (worn)
Jewellery
 i - a +3 ring of intelligence (left hand)
Scrolls
 e - a scroll of immolation {unknown}
 l - a scroll of blinking {unknown}
 n - a scroll of remove curse {unknown}
Potions
 d - a potion of might
 k - 2 potions of cancellation {unknown}
 m - a potion of mutation {unknown}
Comestibles
 f - 2 bread rations
 g - 2 meat rations
 h - 7 chunks of flesh
 j - a beef jerky


   Skills:
 - Level 3.2 Fighting
 + Level 3.7 Maces & Flails
 - Level 3.2 Armour
 - Level 3.2 Shields


You had 2 spell levels left.
You didn't know any spells.

Dungeon Overview and Level Annotations

Branches:
Dungeon (1/15)

Altars:


Innate Abilities, Weirdness & Mutations

You are resistant to torment.
Your stone body is resilient. (AC +3)
You are immune to poison.
You resist negative energy. (rN+)
You are resistant to electric shocks. (rElec)
You can survive without breathing.
You are immune to petrification.
You are immune to rotting.


Message History

You see here a stone.
The kobold throws a stone.
The stone hits you but does no damage.
You see here a stone.
The kobold throws a stone.
The stone hits you but does no damage.
You see here a stone.
A kobold is nearby!
Welcome back, varam the Gargoyle Fighter.
Press ? for a list of commands and other information.
Welcome back, varam the Gargoyle Fighter.
Press ? for a list of commands and other information.
A kobold is nearby!
The kobold throws a stone.
You block the stone. The kobold misses you.
You hit the kobold but do no damage. The kobold hits you but does no damage.
Some of the chunks of flesh in your inventory have rotted away.
You hit the kobold.
You kill the kobold!
No target in view!
No target in view!
Are you sure you want to abandon this character and quit the game? (Confirm with "yes".)

......###.##.####.............###
..........#...........####....#
......##.....#...............##
.............#.......(######.#
....................(...# #...
...................(..#.>.......
.............#........##########.
..........####........#
..........# #..@.....#
..........# #.†...[..#
########### #........# #
########## # # #


There were no monsters in sight!

Vanquished Creatures
  An ooze (D:1)
  2 dart slugs (D:1)
  4 bats (D:1)
  2 giant cockroaches (D:1)
  3 goblins (D:1)
  3 hobgoblins (D:1)
  4 jackals (D:1)
  A frilled lizard (D:1)
  5 kobolds (D:1)
25 creatures vanquished.

Notes
Turn   | Place    | Note
-------+----------+-------------------------------------------
     0 | D:1      | varam the Gargoyle Fighter began the quest for the Orb.
     0 | D:1      | Reached XP level 1. HP: 14/14 MP: 1/1
    59 | D:1      | Reached XP level 2. HP: 10/19 MP: 2/2
   131 | D:1      | Reached skill level 3 in Maces & Flails
   241 | D:1      | Reached XP level 3. HP: 15/23 MP: 3/3
   430 | D:1      | Quit the game

Skill      XL: |  1  2 |
---------------+-------+-----
Maces & Flails | 3 |  3.7
Fighting       | |  3.2
Armour         | |  3.2
Shields        | |  3.2

Action                   || total
-------------------------++-------
Melee: Flail             ||   121
Armor: Scale mail        ||   110
Dodge: Dodged            ||    72
Block: Shield            ||   109
